 Dungeon Crawl Stone Soup version 0.28-a0-1032-ga8db75c868 (webtiles) character file.

Game seed: 17231808877530601627

434 wbvks the Vexing (level 6, -2/42 HPs)
             Began as a Spriggan Enchanter on Dec 7, 2021.
             Slain by Menkaure (17 damage)
             ... on level 4 of the Dungeon.
             The game lasted 00:06:25 (5332 turns).

wbvks the Vexing (Spriggan Enchanter)               Turns: 5332, Time: 00:06:26

Health: -2/42      AC:  4    Str:  6    XL:     6   Next: 68%
Magic:  14/16      EV: 17    Int: 17    God:
Gold:   1273       SH:  0    Dex: 15    Spells: 10/18 levels left

rFire   . . .      SeeInvis +   a - +1 dagger
rCold   + . .      Faith    .   (shield restricted)
rNeg    . . .      Spirit   .   c - +2 robe {rC+}
rPois   +          Reflect  .   (helmet restricted)
rElec   .          Harm     .   (no cloak)
rCorr   +          Rampage  .   (gloves unavailable)
Will    +....                   (boots unavailable)
Stlth   ..........              (no amulet)
HPRegen 0.14/turn               g - ring of resist corrosion
MPRegen 0.15/turn               (no ring)

@: berserking, hasted, very quick
A: very small, no large weapons, unfitting armour, see invisible, speed 3,
poison resistance, wild magic 1
a: no special abilities


You were on level 4 of the Dungeon.
You visited 1 branch of the dungeon, and saw 4 of its levels.

You collected 1273 gold pieces.

Inventory:

Hand Weapons
 a - a +1 dagger (weapon)
Missiles
 j - 10 poisoned darts (quivered)
Armour
 c - a +2 robe of cold resistance (worn)
Jewellery
 g - a ring of resist corrosion (left hand)
Scrolls
 f - 2 scrolls of blinking
Potions
 e - 2 potions of mutation
 i - a potion of resistance {unknown}


   Skills:
 - Level 1.1 Short Blades
 - Level 2.6 Dodging
 - Level 4.4 Stealth
 + Level 6.5 Spellcasting
 + Level 6.9 Hexes


You had 10 spell levels left.
You knew the following spells:

 Your Spells              Type           Power      Damage    Failure   Level
a - Ensorcelled Hibernat  Hex/Ice        44%        N/A       7%          2
b - Tukima's Dance        Hex            38%        N/A       3%          3
c - Dazzling Flash        Conj/Hex       44%        N/A       13%         3

Your spell library contained the following spells:

 Spells                   Type           Power      Damage    Failure   Level
 Confusing Touch          Hex            38%        N/A       3%          3
 Portal Projectile        Hex/Tloc       44%        N/A       13%         3
 Static Discharge         Conj/Air       7%         N/A       26%         2
 Leda's Liquefaction      Hex/Erth       11%        N/A       36%         4
 Call Canine Familiar     Summ           7%         N/A       45%         3
 Gell's Gravitas          Tloc           7%         N/A       45%         3
 Lesser Beckoning         Tloc           7%         N/A       45%         3
 Teleport Other           Tloc           7%         N/A       45%         3
 Lightning Bolt           Conj/Air       3%         1d15      99%         5
 Maxwell's Capacitive Co  Air            3%         ∞         100%        8


Dungeon Overview and Level Annotations

Branches:
Dungeon (4/15)
 Temple: D:4-7

Altars:

Shops:
D:4 [

Annotations:
D:4 2 transporters, Menkaure; fly's ghost, weakling FoDe


Innate Abilities, Weirdness & Mutations

You are very small and have problems with some larger weapons.
You are too small for most types of armour.
You have supernaturally acute eyesight. (SInv)
You cover ground extremely quickly. (Speed+++)
Your system is resistant to poisons. (rPois)
Your spells are a little harder to cast, but a little more powerful.


Message History

Confirm with . or Enter, or press ? or * to list all spells.
Aiming: Tukima's Dance (dangerous; 3% risk of failure)
Press: ? - help, Shift-Dir - straight line, f - goblin
Aim: a goblin, wielding a +0 dagger (chance to affect: 80%)
The +0 dagger dances into the air!
The goblin hits you.
Unknown command.
You hit the goblin.
You kill the goblin!
Menkaure gestures at you while chanting.
You resist with significant effort.
Your +0 dagger falls from the air.
You see here a goblin corpse.
You barely miss Menkaure. You hit Menkaure but do no damage. Menkaure hits you!
You closely miss Menkaure. You hit Menkaure but do no damage.
Menkaure closely misses you.
You hit Menkaure.
Menkaure is lightly damaged.
You hit Menkaure but do no damage.
Menkaure is lightly damaged.
Menkaure misses you.
You barely miss Menkaure.
Menkaure is lightly damaged.
You hit Menkaure.
Menkaure is lightly damaged.
Menkaure hits you!
Ouch! That really hurt!
* * * LOW HITPOINT WARNING * * *
Unknown command.
You feel better. Menkaure closely misses you.
You aren't carrying any items that you can evoke.
Unknown command.
Unknown command.
It was a potion of berserk rage.
A red film seems to cover your vision as you go berserk!
You feel yourself moving faster!
You feel mighty!
You barely miss Menkaure.
Menkaure is lightly damaged.
Menkaure hits you!
You die...

######## ############
#......# #...........
#......# #......∩....
#......# ###.....).....
#....... #.....M.......
######.. #.....@....... #..
#.............### ###..
##...............# #....
#................# #....
#......######....###....
####................'......
#......#########....###....
#.##.>.....................
#...#######.###.†........


You could see Menkaure.

Vanquished Creatures
  A scorpion (D:4)
  A jelly (D:3)
  A centaur skeleton (D:4)
  Jessica (D:2)
  3 adders
  5 dart slugs
  2 orcs
  12 ball pythons
  5 endoplasms
  3 giant cockroaches
  7 goblins
  8 hobgoblins
  6 jackals
  6 kobolds
  A quokka (D:2)
  6 bats
  3 frilled lizards
  3 rats
74 creatures vanquished.

Vanquished Creatures (collateral kills)
  Sigmund (D:3)
  Terence (D:3)
  An orc (D:4)
3 creatures vanquished.

Grand Total: 77 creatures vanquished

Notes
Turn   | Place    | Note
-------+----------+-------------------------------------------
     0 | D:1      | wbvks the Spriggan Enchanter began the quest for the Orb.
     0 | D:1      | Reached XP level 1. HP: 9/9 MP: 5/5
   644 | D:1      | Reached XP level 2. HP: 13/13 MP: 7/7
   708 | D:1      | Learned a level 2 spell: Ensorcelled Hibernation
  1307 | D:1      | Identified a scroll of acquirement
  1307 | D:1      | Acquired 1173 gold pieces
  1784 | D:1      | Reached XP level 3. HP: 16/16 MP: 9/9
  1788 | D:1      | Learned a level 3 spell: Tukima's Dance
  1792 | D:1      | Learned a level 3 spell: Dazzling Flash
  1804 | D:1      | Found a faded altar of an unknown god.
  2145 | D:2      | Gained mutation: Your system is resistant to poisons.
                  | (rPois) [potion of mutation]
  2145 | D:2      | Gained mutation: Your spells are a little harder to cast,
                  | but a little more powerful. [potion of mutation]
  3125 | D:2      | Noticed Jessica
  3140 | D:2      | Killed Jessica
  3141 | D:2      | Reached skill level 5 in Hexes
  3141 | D:2      | Reached XP level 4. HP: 6/21 MP: 11/11
  3612 | D:3      | Noticed Terence
  3624 | D:3      | Killed Terence
  3625 | D:3      | Reached skill level 5 in Spellcasting
  3625 | D:3      | Reached XP level 5. HP: 24/24 MP: 6/13
  4119 | D:3      | Noticed Sigmund
  4127 | D:3      | Killed Sigmund
  4128 | D:3      | Reached XP level 6. HP: 14/28 MP: 5/16
  5081 | D:4      | Noticed fly's ghost (weakling FoDe)
  5192 | D:4      | Found a transporter.
  5196 | D:4      | Found a transporter.
  5313 | D:4      | Found Ytoyduco's Armour Shoppe.
  5314 | D:4      | Noticed Menkaure
  5332 | D:4      | Slain by Menkaure

Illustrated notes

Levels and vault maps discovered:
D:1:      ncdulo_watergridlock, layout_basic,
          shapermc_ecumenical_altar_acropolis, nrook_mini_backslash
D:2:      layout_basic, st_stairs_14, uniq_jessica
D:3:      layout_loops_ring, uniq_sigmund, uniq_terence
D:4:      layout_basic, serial_shops, shop, gammafunk_ghost_mausoleum,
          uniq_menkaure

Skill      XL: |  1  2  3  4  5 |
---------------+----------------+-----
Spellcasting   | 3 4 5 6 |  6.5
Hexes          | 4 5 6 |  6.9
Short Blades   | |  1.1
Dodging        | |  2.6
Stealth        | |  4.4

Action                   |  1- 3 |  4- 6 || total
-------------------------+-------+-------++-------
Melee: Dagger            |   179 |   139 ||   318
 Cast: Ensorcelled Hiber |     9 |     6 ||    15
       Tukima's Dance    |       |     5 ||     5
  Use: Scroll            |     4 |     2 ||     6
       Potion            |     3 |     3 ||     6
 Stab: Sleeping          |    17 |    13 ||    30
       Distracted        |     1 |       ||     1
       Invisible         |     1 |       ||     1
Armor: Robe              |    18 |    17 ||    35
Dodge: Dodged            |   128 |   102 ||   230

Table legend: (Time is in decaauts)
 A = Elapsed time spent in this place.
 B = Non-inter-level travel time spent in this place.
 C = Inter-level travel time spent in this place.
 D = Time resting spent in this place.
 E = Time spent auto-exploring this place.
 F = Levels seen in this place.
 G = Mean time per level.
                   A        B        C        D        E       F      G
               +--------+--------+--------+--------+--------+-----+--------+
         Total |   4419 |   4392 |     27 |    456 |   3267 |   4 | 1104.8 |
       Dungeon |   4419 |   4392 |     27 |    456 |   3267 |   4 | 1104.8 |
               +--------+--------+--------+--------+--------+-----+--------+

Top non-repeatable levels by time:
     D:1: 1865 daAuts
     D:2: 1148 daAuts
     D:3: 744 daAuts
     D:4: 661 daAuts
